 Dungeon Crawl Stone Soup version 0.22.1-1-ga44c0e56f4 (webtiles) character file.

29280 Chmielu the Cleaver (level 13, -1/116 HPs)
             Began as a Minotaur Fighter on Oct 16, 2018.
             Was the Champion of Elyvilon.
             Slain by a tyrant leech (35 damage)
             ... on level 4 of the Lair of Beasts.
             The game lasted 02:04:08 (16009 turns).

Chmielu the Cleaver (Minotaur Fighter)             Turns: 16009, Time: 02:04:09

Health: -1/116     AC: 35    Str: 27    XL:     13   Next: 14%
Magic:  8/13       EV:  7    Int:  8    God:    Elyvilon [******]
Gold:   903        SH: 14    Dex: 14    Spells: 12/12 levels left

rFire    . . .     SeeInvis .   M - +5 hand axe
rCold    . . .     Gourm    .   c - +0 shield
rNeg     . . .     Faith    +   J - +8 orange crystal plate armour {Archmagi, Int+3 Clar}
rPois    +         Spirit   .   (helmet restricted)
rElec    .         Reflect  .   n - +0 cloak
rCorr    .         Harm     .   y - +0 pair of gloves
MR       .....     Clarity  +   g - +0 pair of boots
Stlth    ..........             s - amulet of faith
HPRegen  0.29/turn              D - ring of poison resistance
MPRegen  0.13/turn              R - +5 ring of dexterity

@: no status effects
A: retaliatory headbutt, horns 2
a: Lesser Healing, Heal Other, Purification, Greater Healing, Divine Vigour,
Divine Protection, Renounce Religion


You were on level 4 of the Lair of Beasts.
You worshipped Elyvilon.
Elyvilon was exalted by your worship.
You were very hungry.

You visited 3 branches of the dungeon, and saw 14 of its levels.
You also visited: Ossuary.

You collected 903 gold pieces.

Inventory:

Hand Weapons
 M - a +5 hand axe (weapon)
Armour
 c - a +0 shield (worn)
 g - a +0 pair of boots (worn)
 n - a +0 cloak (worn)
 u - a scarf of cloud immunity
 y - a +0 pair of gloves (worn)
 J - the +8 orange crystal plate armour (worn) {Archmagi, Int+3 Clar}
   (You found it on level 8 of the Dungeon)

   It affects your intelligence (+3).
   It protects you against confusion.
Jewellery
 s - an amulet of faith (around neck)
 D - a ring of poison resistance (left hand)
 R - a +5 ring of dexterity (right hand)
Wands
 w - a wand of disintegration (10)
 z - a wand of flame (34)
 A - a wand of iceblast (25)
 C - a wand of polymorph (11)
 Q - a wand of scattershot (5)
Scrolls
 a - a scroll of fear
 b - a scroll of amnesia
 e - 14 scrolls of remove curse
 h - 13 scrolls of identify
 k - 3 scrolls of blinking
 m - 6 scrolls of teleportation
 o - 3 scrolls of enchant weapon
 E - 2 scrolls of immolation
 L - a scroll of silence
 P - a scroll of noise {unknown}
 S - a scroll of holy word {unknown}
Potions
 d - 5 potions of might
 i - a potion of resistance {unknown}
 j - 5 potions of curing {unknown}
 l - 3 potions of degeneration {unknown}
 p - 2 potions of agility
 q - 7 potions of mutation {unknown}
 r - 2 potions of heal wounds {unknown}
 t - a potion of flight {unknown}
 v - 2 potions of haste {unknown}
 B - 2 potions of cancellation {unknown}
 F - a potion of lignification {unknown}
 G - a potion of invisibility {unknown}
 K - a potion of berserk rage {unknown}
Miscellaneous
 H - 2 sacks of spiders
 O - a phantom mirror
Comestibles
 f - 28 rations
 x - 3 chunks of flesh


   Skills:
 + Level 11.6 Fighting
   Level 2.0 Short Blades
 + Level 14.7 Axes
 + Level 13.0 Armour
 + Level 3.1 Dodging
 + Level 0.8 Stealth
 + Level 13.5 Shields
 + Level 1.5 Invocations


You had 12 spell levels left.
You didn't know any spells.
Your spell library contained the following spells:

 Spells                   Type           Power        Failure   Level  Hunger
 Animate Skeleton         Necr           N/A          100%        1    ##.....
 Apportation              Tloc           #.....       100%        1    ##.....
 Confusing Touch          Hex            #.....       100%        1    ##.....
 Summon Small Mammal      Summ           #...         100%        1    ##.....
 Recall                   Summ/Tloc      N/A          100%        3    ####...
 Animate Dead             Necr           N/A          100%        4    #####..
 Borgnjor's Vile Clutch   Necr/Erth      #.........   100%        5    ######.
 Death Channel            Necr           #.........   100%        6    #######
 Simulacrum               Ice/Necr       #.........   100%        6    #######


Dungeon Overview and Level Annotations

Branches:
Dungeon (8/15)             Temple (1/1) D:5            Lair (5/6) D:8
  Swamp (0/4) Lair:4        Snake (0/4) Lair:4
  Slime: Lair:5-6

Altars:
Ashenzari
Cheibriados
Dithmenos
Elyvilon
Fedhas
Gozag
Hepliaklqana
Kikubaaqudgha
Makhleb
Nemelex Xobeh
Okawaru
Qazlal
Ru
Sif Muna
Trog
Uskayaw
Vehumet
Wu Jian
Xom
Yredelemnul
Zin
The Shining One

Annotations:
Lair:1 1 runed door, exclusions: door, oklob plant and 1 more exclusion, jt's ghost, journeyman TrEE
Lair:2 exclusions: hydra and upstairs
Lair:3 3 runed doors, exclusion: 3 doors, Hyniet's ghost, journeyman GnEE


Innate Abilities, Weirdness & Mutations

You reflexively headbutt those who attack you in melee.
You have a pair of horns on your head.


Message History

The tyrant leech bites you!!
The tyrant leech draws strength from your injuries!
You miss the tyrant leech. You headbutt the tyrant leech.
The tyrant leech is almost dead.
Your shield and orange crystal plate armour prevent you from hitting the tyrant You hit the tyrant leech but do no damage.
You closely miss the tyrant leech. Your headbutt misses the tyrant leech.
The tyrant leech is almost dead.
You closely miss the tyrant leech. You hit the tyrant leech.
The tyrant leech bites you but does no damage.
The tyrant leech bites you!!
* * * LOW HITPOINT WARNING * * *
The tyrant leech draws strength from your injuries!
The tyrant leech bites you!
* * * LOW HITPOINT WARNING * * *
The tyrant leech draws strength from your injuries!
You are healed.
You are feeling very hungry.
The tyrant leech bites you!!
You die...

##....## #####.......P# #
####P..#.# #.#.........## #
#.#.'P..## ##....⌠...'..######
##.......## ##........#.#...#.+
#......^..###......#####.......
#....##.#.##..⌠...#.####..#.###
#...##.⌠..#...............####.
##........#....w.......+.## ##
##+.⌠.>..'.⌠w@.⌠..⌠...#.#####.
#P..)....#....w.........P##..§
##..#.⌠.##............#####.§§
#...######..⌠..###...####..§§
###.# ##......##.#.P#.#..§
##P..### #.........#........
#......# ###...⌠...'.##P....
#......# #.##......#.####...
#......# ##..##........# #...


You could see 3 tyrant leeches.

Vanquished Creatures
  A catoblepas (Lair:5)
  6 death yaks
  A moth of wrath (Lair:4)
  2 black mambas
  10 spiny frogs
  3 komodo dragons
  A queen bee (D:8)
  10 tyrant leeches
  8 hippogriffs
  21 blink frogs
  2 wyverns (Lair:4)
  23 yaks
  2 basilisks
  An insubstantial wisp (Lair:4)
  4 nagas (Lair:4)
  A swamp worm (Lair:5)
  8 water moccasins
  10 porcupines
  2 orc warriors (D:8)
  4 ice beasts
  An eye of draining (D:7)
  4 ogres
  3 phantoms
  A sky beast (D:7)
  9 wolves
  6 centaurs
  8 crocodiles
  A big kobold (D:8)
  An elf zombie (Ossuary)
  8 bullfrogs
  A gnoll sergeant (D:8)
  3 scorpions
  20 killer bees (D:8)
  A howler monkey (D:5)
  An electric eel (Lair:1)
  2 crimson imps
  A bullfrog zombie (D:5)
  8 hounds
  A jelly (D:8)
  11 orc wizards
  5 orc priests
  2 worker ants
  5 hell rats (Lair:2)
  A killer bee zombie (D:8)
  5 hound zombies
  A hound skeleton (D:8)
  5 mummies
  12 gnolls
  5 adders
  3 shadow imps
  An ooze (D:3)
  An adder skeleton (D:4)
  2 worms
  11 leopard geckos
  21 orcs
  2 ball pythons
  11 giant cockroaches
  10 hobgoblins
  10 jackals
  6 kobolds
  A quokka (D:8)
  6 bats
  4 frilled lizards
  2 gnoll zombies (Ossuary)
  9 goblins
  A goblin zombie (Ossuary)
  A kobold zombie (Ossuary)
  An orc zombie (Ossuary)
  7 rats
  3 rat zombies (Ossuary)
  13 plants
378 creatures vanquished.

Vanquished Creatures (others)
  5 fungi
  13 plants
18 creatures vanquished.

Grand Total: 396 creatures vanquished

Notes
Turn   | Place    | Note
-------+----------+-------------------------------------------
     0 | D:1      | Chmielu the Minotaur Fighter began the quest for the Orb.
     0 | D:1      | Reached XP level 1. HP: 19/19 MP: 0/0
   141 | D:1      | Reached XP level 2. HP: 27/27 MP: 1/1
   848 | D:2      | Found an opulent altar of Gozag.
   918 | D:2      | Reached XP level 3. HP: 31/33 MP: 2/2
  1564 | D:3      | Noticed a water moccasin
  1567 | D:2      | Reached XP level 4. HP: 40/40 MP: 3/3
  1568 | D:2      | Reached skill level 1 in Short Blades
  1580 | D:3      | Killed a water moccasin
  1580 | D:3      | Reached skill level 5 in Armour
  1580 | D:3      | Reached skill level 5 in Shields
  1580 | D:3      | Reached XP level 5. HP: 33/47 MP: 4/4
  1904 | D:3      | Found a white marble altar of Elyvilon.
  1904 | D:3      | Found a shattered altar of Ashenzari.
  1915 | D:3      | Became a worshipper of Elyvilon the Healer
  2389 | D:4      | Found a burning altar of Makhleb.
  2389 | D:4      | Found a glowing silver altar of Zin.
  2390 | D:4      | Noticed an angel
  2390 | D:4      | Noticed an Executioner
  2394 | D:4      | Noticed a phantom
  2477 | D:4      | Reached skill level 1 in Dodging
  2477 | D:4      | Reached XP level 6. HP: 33/53 MP: 5/5
  2490 | D:4      | Reached skill level 3 in Axes
  3025 | D:4      | Reached * piety under Elyvilon
  3042 | D:4      | Found a burning altar of Makhleb.
  3042 | D:4      | Noticed a balrug
  3045 | D:4      | Noticed a smoke demon
  3045 | D:4      | Noticed a neqoxec
  3334 | D:5      | Entered Level 5 of the Dungeon
  3505 | D:5      | Reached skill level 4 in Axes
  3512 | D:5      | Reached XP level 7. HP: 35/60 MP: 6/6
  3686 | D:5      | Found a staircase to the Ecumenical Temple.
  3711 | Temple   | Entered the Ecumenical Temple
  3817 | Temple   | Reached ** piety under Elyvilon
  3919 | D:5      | Found an ornate altar of the Wu Jian Council.
  4427 | D:5      | Found a radiant altar of Vehumet.
  4520 | D:6      | Reached *** piety under Elyvilon
  4755 | D:6      | Reached skill level 5 in Axes
  4792 | D:6      | Reached skill level 5 in Fighting
  4792 | D:6      | Reached XP level 8. HP: 49/68 MP: 7/7
  4826 | D:6      | Found a blossoming altar of Fedhas.
  5041 | D:6      | Reached skill level 6 in Axes
  5175 | D:6      | Reached **** piety under Elyvilon
  5678 | D:7      | Found a sacrificial altar of Ru.
  5906 | D:7      | Noticed a hippogriff
  5909 | D:7      | Reached skill level 7 in Axes
  5918 | D:7      | Killed a hippogriff
  6004 | D:7      | Reached ***** piety under Elyvilon
  6045 | D:7      | Found a sand-covered staircase.
  6055 | Ossuary  | Entered an ossuary
  6081 | Ossuary  | Reached skill level 8 in Axes
  6418 | D:7      | Reached XP level 9. HP: 68/75 MP: 8/8
  7003 | D:8      | Reached skill level 9 in Axes
  7098 | D:8      | Found a blossoming altar of Fedhas.
  7357 | D:8      | Found a staircase to the Lair.
  7373 | D:8      | Reached skill level 10 in Axes
  7744 | D:8      | Reached XP level 10. HP: 67/86 MP: 9/9
  8810 | D:8      | Reached skill level 11 in Axes
  8828 | D:8      | HP: 2/88 [killer bee (8)]
  8857 | D:8      | HP: 4/88 [poisoned by a killer bee]
  8862 | D:8      | HP: 4/88 [poisoned by a killer bee]
  8870 | D:8      | HP: 4/88 [poisoned by a killer bee]
  9405 | D:8      | Reached skill level 10 in Armour
 10012 | D:8      | Found a shadowy altar of Dithmenos.
 10085 | D:8      | Found the +8 orange crystal plate armour {Archmagi, Int+3
                  | Clar}
 10276 | D:8      | Found a sparkling altar of Nemelex Xobeh.
 10276 | D:8      | Found a deep blue altar of Sif Muna.
 10277 | D:8      | Found a basalt altar of Yredelemnul.
 10448 | Lair:1   | Entered Level 1 of the Lair of Beasts
 10554 | Lair:1   | Noticed jt's ghost (journeyman TrEE)
 10558 | Lair:1   | Found a runed door.
 10750 | Lair:1   | Reached skill level 10 in Shields
 10750 | Lair:1   | Reached XP level 11. HP: 94/95 MP: 10/10
 10825 | Lair:1   | Noticed an oklob plant
 10947 | Lair:1   | Reached skill level 12 in Axes
 11929 | Lair:2   | Noticed a six-headed hydra
 12068 | Lair:2   | Reached ****** piety under Elyvilon
 12420 | Lair:2   | Reached skill level 13 in Axes
 12550 | Lair:3   | Found a runed gate.
 12550 | Lair:3   | Found a runed gate.
 12550 | Lair:3   | Found a runed gate.
 12550 | Lair:3   | Noticed Hyniet's ghost (journeyman GnEE)
 12892 | Lair:3   | Noticed a five-headed hydra
 13155 | Lair:3   | Reached XP level 12. HP: 69/106 MP: 11/11
 13439 | Lair:3   | Reached skill level 10 in Fighting
 14199 | Lair:4   | Reached skill level 14 in Axes
 14228 | Lair:4   | Found a staircase to the Swamp.
 14434 | Lair:4   | Found a staircase to the Snake Pit.
 14671 | Lair:4   | Noticed a death yak
 14693 | Lair:4   | Killed a death yak
 14737 | Lair:4   | Noticed a death yak
 14737 | Lair:4   | Noticed a death yak
 14737 | Lair:4   | Noticed a death yak
 14737 | Lair:4   | Noticed a death yak
 14737 | Lair:4   | Noticed a death yak
 14749 | Lair:4   | Killed a death yak
 14767 | Lair:4   | Killed a death yak
 14776 | Lair:4   | Killed a death yak
 14789 | Lair:4   | Killed a death yak
 14896 | Lair:3   | Killed a death yak
 14896 | Lair:3   | Reached skill level 1 in Invocations
 15203 | Lair:5   | Noticed a catoblepas
 15217 | Lair:5   | Killed a catoblepas
 15217 | Lair:5   | Reached XP level 13. HP: 79/116 MP: 12/12
 16009 | Lair:4   | Slain by a tyrant leech

Skill      XL: |  1  2  3  4  5  6  7  8  9 10 11 12 13 |
---------------+----------------------------------------+-----
Shields        | 4 5 6 7 8 10 11 13 | 13.5
Armour         | 4 5 6 7 8 9 10 11 12 13 | 13.0
Fighting       | 4 5 7 8 9 11 | 11.6
Short Blades   | 1 2 |  2.0
Dodging        | 1 2 3 |  3.1
Axes           | 4 5 8 10 11 13 14 | 14.7
Invocations    | 1 |  1.5
Stealth        | |  0.8

Action                   |  1- 3 |  4- 6 |  7- 9 | 10-12 | 13-15 || total
-------------------------+-------+-------+-------+-------+-------++-------
Melee: War axe           |    20 |       |   145 |   234 |       ||   399
       Headbutt          |    23 |    25 |    97 |   216 |    26 ||   387
       Short sword       |    77 |    30 |       |       |       ||   107
       Hand axe          |       |   102 |   226 |   712 |   116 ||  1156
Invok: Greater Healing   |       |       |       |     7 |     5 ||    12
       Lesser Healing    |       |       |       |     1 |       ||     1
  Use: Scroll            |       |     1 |     6 |     8 |       ||    15
  Eat: Chunk             |     2 |     4 |     6 |    11 |     3 ||    26
       Ration            |       |     1 |     2 |     5 |       ||     8
Armor: Scale mail        |    31 |    52 |    15 |       |       ||    98
       Chain mail        |       |       |   147 |   167 |       ||   314
       Crystal plate arm |       |       |       |   384 |    54 ||   438
Dodge: Dodged            |    16 |    35 |    94 |   200 |    17 ||   362
Block: Shield            |    45 |    73 |   182 |   557 |    52 ||   909
